 Dungeon Crawl Stone Soup version 0.25.1-9-gc5326a611f (webtiles) character file.

Game seed: 725388723825814280

2415 pokeman the Thaumaturge (level 9, 0/48 HPs)
             Began as a Deep Elf Wizard on Dec 26, 2020.
             Was a Priest of Vehumet.
             Engulfed by a cloud of noxious fumes (2 damage)
             ... on level 7 of the Dungeon.
             The game lasted 00:20:58 (10029 turns).

pokeman the Thaumaturge (Deep Elf Wizard)          Turns: 10029, Time: 00:20:58

Health: 0/48       AC:  7    Str: 10    XL:     9   Next: 23%
Magic:  13/26      EV: 12    Int: 27    God:    Vehumet [***...]
Gold:   490        SH:  0    Dex: 13    Spells: 18/30 levels left

rFire    + . .     SeeInvis .   C - +2 whip (elec)
rCold    . . .     Gourm    .   (no shield)
rNeg     . . .     Faith    .   p - +0 leather armour
rPois    .         Spirit   .   G - +0 helmet
rElec    .         Reflect  .   u - +0 cloak
rCorr    .         Harm     .   D - +0 pair of gloves (curse)
MR       .....                  g - +0 pair of boots
Stlth    +.........             (no amulet)
HPRegen  0.16/turn              c - ring of protection from fire
MPRegen  0.20/turn              I - +6 ring of strength

@: confused, lethally poisoned (0 -> -5), berserk cooldown, stab, very slightly
contaminated, slowed, invisible, very slow
A: no striking features
a: Renounce Religion


You were on level 7 of the Dungeon.
You worshipped Vehumet.
Vehumet was most pleased with you.
You were not hungry.

You visited 1 branch of the dungeon, and saw 8 of its levels.

You collected 490 gold pieces.

Inventory:

Hand Weapons
 v - a +0 longbow
 C - a +2 whip of electrocution (weapon)
 O - a +0 flail of venom
Missiles
 m - 87 bolts
 x - 153 arrows
Armour
 g - a +0 pair of boots (worn)
 i - a +2 tower shield
 p - a +0 leather armour (worn)
 u - a +0 cloak (worn)
 D - a cursed +0 pair of gloves (worn)
 G - a +0 helmet (worn)
Jewellery
 b - an uncursed ring of wizardry {unknown}
 c - a ring of protection from fire (left hand)
 k - an uncursed ring of protection from fire
 I - a +6 ring of strength (right hand)
 L - a cursed ring of teleportation {unknown}
Wands
 q - a wand of digging (5)
 y - a wand of flame (13)
 A - a wand of disintegration (10)
 J - a wand of random effects (20)
 P - a wand of paralysis (7)
Scrolls
 e - 5 scrolls of teleportation {unknown}
 f - a scroll of amnesia {unknown}
 l - 2 scrolls of fear {unknown}
 o - 3 scrolls of fog {unknown}
 r - a scroll of enchant weapon {unknown}
 s - 8 scrolls of identify {unknown}
 t - 2 scrolls of immolation {unknown}
 w - 4 scrolls of remove curse {unknown}
 z - 2 scrolls of magic mapping {unknown}
 B - 3 scrolls of enchant armour {unknown}
Potions
 a - 2 potions of cancellation {unknown}
 h - 2 potions of stabbing
 j - 2 potions of ambrosia {unknown}
 n - 2 potions of mutation {unknown}
 E - a potion of brilliance {unknown}
 F - a potion of lignification {unknown}
 K - a potion of flight {unknown}
 M - 2 potions of degeneration {unknown}
Miscellaneous
 H - a box of beasts
Comestibles
 d - 8 rations


   Skills:
 - Level 2.0 Fighting
 - Level 2.1 Armour
 - Level 3.1 Dodging
 - Level 3.0 Stealth
 + Level 2.7 Shields
 * Level 11.0 Spellcasting
 + Level 6.0 Conjurations
 - Level 1.1 Summonings
 - Level 1.1 Translocations
 + Level 5.0 Fire Magic
 - Level 1.0 Air Magic
 - Level 1.0 Poison Magic
 - Level 1.0 Evocations


You had 18 spell levels left.
You knew the following spells:

 Your Spells              Type           Power        Failure   Level  Hunger
a - Magic Dart            Conj           ####         1%          1    None
b - Mephitic Cloud        Conj/Pois/Air  ####....     1%          3    None
c - Call Imp              Summ           ###.....     4%          2    None
d - Blink                 Tloc           N/A          4%          2    None
e - Conjure Flame         Conj/Fire      #####...     1%          3    None
f - Foxfire               Conj/Fire      ####         1%          1    None

Your spell library contained the following spells:

 Spells                   Type           Power        Failure   Level  Hunger
 Inner Flame              Hex/Fire       ####....     1%          3    None
 Searing Ray              Conj           #####.       1%          2    None
 Dazzling Flash           Conj/Hex       ####..       1%          3    None
 Iskenderun's Mystic Bla  Conj/Tloc      ####....     3%          4    None
 Fulminant Prism          Conj/Hex       ####......   4%          4    None
 Slow                     Hex            ##......     8%          2    None


Dungeon Overview and Level Annotations

Branches:
Dungeon (8/15)             Temple (0/1) D:7
   Lair: D:8-11

Altars:
Ashenzari
Cheibriados
Fedhas
Gozag
Hepliaklqana
Makhleb
Nemelex Xobeh
Ru
Trog
Uskayaw
Vehumet
Zin

Annotations:
D:7 Psyche


Message History

* * * LOW HITPOINT WARNING * * *
x2 You feel sick.
Psyche is engulfed in noxious fumes.
Psyche appears confused.
Psyche hits you with a +4 dagger of chaos.
* * * LOW HITPOINT WARNING * * *
Psyche is engulfed in noxious fumes.
Psyche wonders, "What am I doing in here?"
Psyche hits you but does no damage.
You are confused.
Unknown command.
Unknown command.
You barely miss Psyche.
Psyche is moderately wounded.
You choke on the stench!
You are more confused.
* * * LOW HITPOINT WARNING * * *
x2 You feel sick.
Psyche is engulfed in noxious fumes.
Psyche barely misses you.
Psyche is engulfed in noxious fumes.
Psyche appears confused.
It was a potion of stabbing.
You feel ready to backstab.
You die...

###########
###.# #.#
###.........#
#...# #.#
....#######.#
#.#.# #.# #####
#.# ###.#.# #.#
#.# #.....# #.#
#.# #.#>### #.#
#.# #.#.# #.#
#.####@#.#####.#
#....°@°.......#
#.#####...######
###### #.# #...#
#....# #.# #...#
#.##.# ###.#
#...# #.##.#
#...#####...#
#.##.#
#.#.........#
#.##.#
#...........#
#.##.#
#.####.######


You could see Psyche (confused).

Vanquished Creatures
  A water moccasin (D:5)
  A phantom (D:6)
  A black bear (D:6)
  A sky beast (D:5)
  2 eyes of draining (D:6)
  3 ogres
  2 centaurs
  3 bullfrogs
  Blork the orc (D:4)
  A centaur zombie (D:5)
  3 crimson imps
  A bullfrog zombie (D:7)
  A hound (D:4)
  A quasit (D:6)
  2 orc priests (D:3)
  2 bullfrog skeletons
  A centaur skeleton (D:5)
  An iguana (D:4)
  Jessica (D:3)
  Natasha (twice) (D:2)
  8 orc wizards
  5 worker ants
  8 gnolls
  11 adders
  5 shadow imps
  2 oozes
  An adder skeleton (D:6)
  4 worms
  5 dart slugs
  5 leopard geckos
  24 orcs
  8 bats
  3 giant cockroaches
  10 goblins
  5 hobgoblins
  14 jackals
  4 quokkas
  6 frilled lizards
  7 kobolds
  6 rats
172 creatures vanquished.

Vanquished Creatures (collateral kills)
  Natasha (D:2)
1 creature vanquished.

Vanquished Creatures (others)
  188 foxfires
188 creatures vanquished.

Grand Total: 361 creatures vanquished

Notes
Turn   | Place    | Note
-------+----------+-------------------------------------------
     0 | D:1      | pokeman the Deep Elf Wizard began the quest for the Orb.
     0 | D:1      | Reached XP level 1. HP: 10/10 MP: 7/7
   587 | D:1      | Reached XP level 2. HP: 15/15 MP: 6/9
   734 | D:1      | Reached skill level 5 in Spellcasting
  1368 | D:1      | Reached XP level 3. HP: 20/20 MP: 7/11
  1375 | D:1      | Learned a level 3 spell: Mephitic Cloud
  1378 | D:1      | Learned a level 2 spell: Call Imp
  1381 | D:1      | Learned a level 2 spell: Blink
  1385 | D:1      | Learned a level 3 spell: Conjure Flame
  1803 | D:2      | You fall into a shaft and drop 2 floors!
  1950 | D:4      | Found a hazy altar of Hepliaklqana.
  2035 | D:3      | Reached skill level 1 in Fighting
  2035 | D:3      | Reached skill level 1 in Armour
  2046 | D:3      | Reached XP level 4. HP: 19/25 MP: 2/13
  2422 | D:2      | Noticed Natasha
  2434 | D:2      | Killed Natasha
  2546 | D:2      | Noticed Natasha
  2559 | D:2      | Killed Natasha
  2559 | D:2      | Reached skill level 6 in Spellcasting
  2559 | D:2      | Reached XP level 5. HP: 19/29 MP: 2/15
  2583 | D:2      | Noticed Natasha
  2600 | D:2      | Killed Natasha
  2600 | D:2      | Reached skill level 1 in Shields
  3371 | D:2      | Found a blossoming altar of Fedhas.
  3948 | D:3      | Noticed Jessica
  3954 | D:3      | Killed Jessica
  4033 | D:3      | Reached skill level 1 in Poison Magic
  4038 | D:3      | Reached XP level 6. HP: 34/34 MP: 11/17
  4125 | D:3      | Found a radiant altar of Vehumet.
  4133 | D:3      | Became a worshipper of Vehumet
  4887 | D:3      | Reached skill level 7 in Spellcasting
  4887 | D:3      | Reached skill level 1 in Air Magic
  5211 | D:4      | Reached skill level 1 in Evocations
  5223 | D:4      | Reached * piety under Vehumet
  5223 | D:4      | Offered knowledge of Foxfire by Vehumet.
  5227 | D:4      | Learned a level 1 spell: Foxfire
  5424 | D:4      | Reached skill level 1 in Fire Magic
  5430 | D:4      | Reached XP level 7. HP: 16/38 MP: 3/20
  5631 | D:4      | Found a shattered altar of Ashenzari.
  5896 | D:4      | Noticed Blork the orc
  5909 | D:4      | Killed Blork the orc
  5909 | D:4      | Reached skill level 8 in Spellcasting
  6024 | D:4      | Found a sacrificial altar of Ru.
  6267 | D:4      | Found a burning altar of Makhleb.
  6304 | D:4      | Found an opulent altar of Gozag.
  6426 | D:4      | Found a snail-covered altar of Cheibriados.
  6595 | D:5      | Entered Level 5 of the Dungeon
  6775 | D:5      | Reached XP level 8. HP: 42/44 MP: 16/22
  6878 | D:5      | Offered knowledge of Shock by Vehumet.
  6908 | D:5      | Reached ** piety under Vehumet
  7053 | D:5      | Reached skill level 9 in Spellcasting
  7440 | D:5      | Reached skill level 5 in Conjurations
  7698 | D:5      | Found a sparkling altar of Nemelex Xobeh.
  8304 | D:6      | Reached skill level 10 in Spellcasting
  8444 | D:6      | Found a bloodstained altar of Trog.
  8464 | D:6      | Reached XP level 9. HP: 19/48 MP: 4/25
  8867 | D:6      | Offered knowledge of Inner Flame by Vehumet.
  9315 | D:7      | Found a staircase to the Ecumenical Temple.
  9328 | D:7      | Reached *** piety under Vehumet
  9458 | D:7      | Found a hide-covered altar of Uskayaw.
  9478 | D:7      | Reached skill level 11 in Spellcasting
  9663 | D:7      | Reached skill level 5 in Fire Magic
  9824 | D:7      | Noticed an angel
  9825 | D:7      | Found a glowing silver altar of Zin.
 10003 | D:8      | Noticed Psyche
 10028 | D:7      | HP: 2/48 [poisoned by Psyche]
 10029 | D:7      | Engulfed by a cloud of noxious fumes

Illustrated notes

Levels and vault maps discovered:
D:1:      dpeg_arrival_pond, layout_basic
D:2:      layout_loops_ring, first_ration, fedhas_altar_2, uniq_natasha
D:3:      layout_basic, vehumet_crystals, uniq_jessica
D:4:      layout_loops_ring, old_standard_altar, nicolae_ru_path_of_blood,
          marbit_many_paths, evilmike_ruin_ashenzari,
          grunt_temple_overflow_open, uniq_blork_the_orc
D:5:      kennysheep_windowed_halls, layout_loops_ring, old_standard_altar,
          lemuel_flamethrower_2
D:6:      layout_basic, trog_eyes_of_draining
D:7:      layout_loops_ring, zin_angel, old_standard_altar,
          minmay_temple_entry_stoned_glass, roderic_roman_lattice
D:8:      layout_rooms, uniq_psyche

Skill      XL: |  1  2  3  4  5  6  7  8  9 |
---------------+----------------------------+-----
Spellcasting   | 5 6 7 8 10 11 | 11.0
Fighting       | 1 2 |  2.0
Armour         | 1 2 |  2.1
Conjurations   | 2 3 4 5 6 |  6.0
Dodging        | 3 |  3.1
Shields        | 1 2 |  2.7
Stealth        | 3 |  3.0
Poison Magic   | 1 |  1.0
Air Magic      | 1 |  1.0
Evocations     | 1 |  1.0
Fire Magic     | 1 2 4 5 |  5.0
Summonings     | |  1.1
Translocations | |  1.1

Action                   |  1- 3 |  4- 6 |  7- 9 || total
-------------------------+-------+-------+-------++-------
Melee: Unarmed           |    20 |       |       ||    20
       Hand axe          |       |    10 |       ||    10
       Whip              |       |     7 |    59 ||    66
 Cast: Magic Dart        |    81 |   170 |    69 ||   320
       Mephitic Cloud    |     1 |     6 |    10 ||    17
       Conjure Flame     |     1 |     2 |     8 ||    11
       Call Imp          |       |     1 |     1 ||     2
       Foxfire           |       |       |   110 ||   110
       Blink             |       |       |     7 ||     7
  Use: Potion            |       |       |     1 ||     1
 Stab: Confused          |     2 |       |     4 ||     6
  Eat: Chunk             |     3 |    11 |    10 ||    24
       Ration            |       |       |     1 ||     1
Armor: Robe              |     8 |       |       ||     8
       Leather armour    |     1 |    20 |    26 ||    47
Dodge: Dodged            |    41 |    33 |    81 ||   155
